 Dungeon Crawl Stone Soup version 0.23.2 (webtiles) character file.

Game seed: 10536218939446949487

2341 Borgoz the Sneak (level 9, -6/74 HPs)
             Began as a Ghoul Assassin on Apr 5, 2019.
             Was a Follower of Ashenzari.
             Mangled by a troll (9 damage)
             ... on level 7 of the Dungeon.
             The game lasted 00:14:10 (7675 turns).

Borgoz the Sneak (Ghoul Assassin)                   Turns: 7675, Time: 00:14:10

Health: -6/74      AC: 11    Str: 13 (15) XL:     9   Next: 43%
Magic:  17/17      EV: 13    Int:  5 (6)  God:    Ashenzari [*.....]
Gold:   494        SH:  0    Dex: 12 (13) Spells: 8/8 levels left

rFire    . . .     SeeInvis .   a - +1 dagger (venom)
rCold    + . .     Gourm    .   (no shield)
rNeg     + + +     Faith    .   i - +0 ring mail
rPois    ∞         Spirit   .   C - +0 helmet
rElec    .         Reflect  .   d - +1 cloak
rCorr    .         Harm     .   v - +1 pair of gloves
MR       .....                  (no boots)
Stlth    +++.......             (no amulet)
HPRegen  0.00/turn              n - ring of magical power
MPRegen  0.15/turn              (no ring)

@: rotting
A: rotting body, claws 1, carnivore, cold resistance 1, negative energy
resistance 3, inhibited regeneration, torment resistance, unbreathing
a: Curse Item, Scrying, Renounce Religion


You were on level 7 of the Dungeon.
You worshipped Ashenzari.
Ashenzari was aware of your devotion.
You were not hungry.

You visited 2 branches of the dungeon, and saw 9 of its levels.

You collected 494 gold pieces.

Inventory:

Hand Weapons
 a - a +1 dagger of venom (weapon)
 b - a +0 blowgun
Missiles
 e - 16 poisoned needles
 f - 9 curare-tipped needles
 o - 4 steel javelins (quivered)
 E - 30 bolts
 F - 4 exploding tomahawks
 M - 3 tomahawks
Armour
 d - a +1 cloak (worn)
 i - a +0 ring mail (worn)
 v - a +1 pair of gloves (worn)
 C - a +0 helmet (worn)
 H - the +1 robe of the Forsaken Shrikes {-Tele rElec rPois Int+5}
   (You found it on level 7 of the Dungeon)

   It affects your intelligence (+5).
   It insulates you from electricity.
   It protects you from poison.
   It prevents most forms of teleportation.
Jewellery
 n - a ring of magical power (left hand)
 s - the amulet "Cuavawic" {Faith rC+ Str+2 Int-2}
   (You found it on level 6 of the Dungeon)

   [amulet of faith]

   It allows you to gain divine favour quickly.
   It affects your strength (+2).
   It affects your intelligence (-2).
   It protects you from cold.
 A - an uncursed amulet of harm
 L - a +2 ring of strength
Wands
 m - a wand of iceblast (10)
 r - a wand of enslavement (10)
 y - a wand of polymorph (7)
 z - a wand of scattershot (4)
Scrolls
 c - 6 scrolls of remove curse
 h - a scroll of magic mapping {unknown}
 j - a scroll of teleportation
 p - 2 scrolls of enchant armour
 D - a scroll of fog
 G - a scroll of fear
 I - 2 scrolls of amnesia
Potions
 k - 3 potions of brilliance
 l - a potion of resistance
 q - a potion of ambrosia
 t - a potion of curing
 u - a potion of magic {unknown}
 w - a potion of lignification {unknown}
 B - a potion of invisibility {unknown}
 J - a potion of agility {unknown}
Comestibles
 g - 11 rations
 x - 12 chunks of flesh


   Skills:
 + Level 5.0 Fighting
 * Level 5.8 Short Blades
 - Level 1.7 Throwing
 * Level 5.4 Armour
 * Level 5.7 Dodging
 + Level 6.7 Stealth


You had 8 spell levels left.
You didn't know any spells.
Your spell library was empty.

Dungeon Overview and Level Annotations

Branches:
Dungeon (8/15)             Temple (1/1) D:4
   Lair: D:8-11

Altars:
Ashenzari
Cheibriados
Dithmenos
Elyvilon
Fedhas
Gozag
Hepliaklqana
Kikubaaqudgha
Makhleb
Nemelex Xobeh
Okawaru
Qazlal
Ru
Sif Muna
Trog
Uskayaw
Vehumet
Wu Jian
Xom
Yredelemnul
Zin
The Shining One

Shops:
D:7 =


Innate Abilities, Weirdness & Mutations

Your body is rotting away.
You thrive on raw meat.
You are immune to poison.
You have sharp fingernails.
You are carnivorous and can eat meat at any time.
Your flesh is cold resistant. (rC+)
You are immune to negative energy. (rN+++)
You do not regenerate when monsters are visible.
You are immune to unholy pain and torment.
You can survive without breathing.


Message History

The troll misses you.
You're too confused to move!
You feel less invigorated.
You feel less confused. The troll bites you.
* * * LOW HITPOINT WARNING * * *
The troll claws you.
* * * LOW HITPOINT WARNING * * *
The troll claws you but does no damage.
Okay, then.
It was a potion of mutation.
You feel extremely strange.
Your body decomposes!
You feel dopey.
Your body decomposes!
You feel weakened.
Your body decomposes!
You feel clumsy.
Your body decomposes!
You feel weakened. The troll bites you!
You die...

#...'............#
#.###..∩.........# #.#
#####.#####.## #.# #.# #.#
#.#######.# #.########
#.#.....#.# #.#.......
#.#.....#.# #.#[##....
#######.#.....#.#####.#.##....
#............@Tl..............
#........#######......#.##....
#........##....'......#<.#....
#........##.####.....#####....
#........##..............#####
################.....###.##...
#.....# #.##...
######.....###.##...
#...................


You could see a troll and a wyvern.

Vanquished Creatures
  Grinder (D:4)
  A black bear (D:8)
  An ice beast (D:7)
  2 sky beasts
  2 phantoms
  A centaur (D:5)
  3 bullfrogs
  A wyvern zombie (D:6)
  A gnoll sergeant (D:8)
  2 scorpions
  A crimson imp (D:6)
  3 bullfrog zombies
  A bullfrog skeleton (D:7)
  3 hounds
  6 orc priests
  6 orc wizards
  7 worker ants
  10 gnolls
  10 adders
  3 shadow imps (D:6)
  An ooze (D:4)
  2 worms (D:3)
  4 dart slugs (D:1)
  8 leopard geckos
  18 orcs
  5 bats
  3 giant cockroaches
  4 goblins
  9 hobgoblins
  17 jackals
  3 kobolds
  4 ball pythons
  5 frilled lizards
  A jackal skeleton (D:5)
  A quokka skeleton (D:5)
  11 rats
161 creatures vanquished.

Vanquished Creatures (others)
  2 fungi (D:8)
2 creatures vanquished.

Grand Total: 163 creatures vanquished

Notes
Turn   | Place    | Note
-------+----------+-------------------------------------------
     0 | D:1      | Borgoz the Ghoul Assassin began the quest for the Orb.
     0 | D:1      | Reached XP level 1. HP: 17/17 MP: 0/0
    50 | D:1      | Reached skill level 1 in Dodging
    86 | D:1      | Reached XP level 2. HP: 16/24 MP: 1/1
   457 | D:1      | Reached skill level 1 in Armour
   457 | D:1      | Reached XP level 3. HP: 20/30 MP: 2/2
  1227 | D:2      | Found an opulent altar of Gozag.
  1517 | D:2      | Reached XP level 4. HP: 37/37 MP: 3/3
  2510 | D:4      | Reached XP level 5. HP: 44/44 MP: 4/4
  2909 | D:4      | Reached skill level 5 in Stealth
  2978 | D:4      | Found a staircase to the Ecumenical Temple.
  2986 | D:4      | Reached XP level 6. HP: 40/51 MP: 5/5
  2992 | Temple   | Entered the Ecumenical Temple
  3060 | Temple   | Became a worshipper of Ashenzari the Shackled
  3127 | D:4      | Noticed Grinder
  3134 | D:4      | Paralysed by Grinder for 4 turns
  3142 | D:4      | Paralysed by Grinder for 7 turns
  3165 | D:4      | Paralysed by Grinder for 2 turns
  3167 | D:4      | Killed Grinder
  3167 | D:4      | Reached XP level 7. HP: 29/57 MP: 6/6
  3512 | D:5      | Entered Level 5 of the Dungeon
  4491 | D:5      | Reached XP level 8. HP: 62/66 MP: 7/7
  4799 | D:6      | Identified the amulet "Cuavawic" {Faith rC+ Str+2 Int-2}
  4842 | D:6      | Reached skill level 6 in Stealth
  5659 | D:6      | Reached skill level 5 in Short Blades
  5853 | D:6      | Reached skill level 5 in Dodging
  6094 | D:7      | Reached * piety under Ashenzari
  6217 | D:7      | Reached XP level 9. HP: 63/72 MP: 8/8
  6347 | D:7      | Got the uncursed robe of the Forsaken Shrikes {-Tele rElec
                  | rPois Int+5}
  6434 | D:7      | Reached skill level 5 in Armour
  6491 | D:7      | Found Liulet's Jewellery Emporium.
  7024 | D:8      | Reached skill level 5 in Fighting
  7650 | D:8      | Noticed a troll
  7674 | D:7      | HP: 3/74 [troll (4)]
  7675 | D:7      | Mangled by a troll

Skill      XL: |  1  2  3  4  5  6  7  8  9 |
---------------+----------------------------+-----
Dodging        | 1 2 3 4 5 |  5.7
Short Blades   | 2 3 4 5 |  5.8
Armour         | 1 2 3 4 5 |  5.4
Fighting       | 3 4 5 |  5.0
Stealth        | 5 6 |  6.7
Throwing       | |  1.7

Action                   |  1- 3 |  4- 6 |  7- 9 || total
-------------------------+-------+-------+-------++-------
Melee: Dagger            |   135 |   236 |   588 ||   959
 Fire: Blowgun           |       |     1 |       ||     1
Throw: Javelin           |       |       |     4 ||     4
Evoke: Wand              |       |       |     1 ||     1
  Use: Scroll            |       |    13 |     7 ||    20
       Potion            |       |       |     5 ||     5
 Stab: Sleeping          |     6 |     2 |     3 ||    11
  Eat: Chunk             |     4 |     5 |    22 ||    31
Armor: Robe              |     8 |       |       ||     8
       Ring mail         |    49 |    80 |   198 ||   327
Dodge: Dodged            |    60 |   126 |   368 ||   554
